Blackhawks vs Hurricanes

Created - Monday, March 23, 2015 at 22:27

Goals
1 2 3 T
Blackhawks 1 0 0 1
Hurricanes 2 1 0 3
Shots
1 2 3 T
Blackhawks 8 12 12 32
Hurricanes 7 16 7 30

1st period

1. Hurricanes , Marty Havlat 15 (Mason Raymond) at 4:32
2. Blackhawks , Jeff Carter 29 (Unassisted) at 12:54
3. Hurricanes , Fedor Tyutin 11 (Adam Henrique, Marian Gaborik) at 13:45 (PP)

Penalties :
Ed Jovanovski (Chi) for Hooking (Minor) at 4:57, Ed Jovanovski (Chi) for Hooking (Minor) at 10:50, Ben Holmstrom (Chi) for Roughing (Minor) at 13:06, Ben Holmstrom (Chi) for Hooking (Minor) at 15:05

2nd period

4. Hurricanes , Francois Beauchemin 12 (Mike Fisher, Radim Vrbata) at 3:01 (PP)

Penalties :
Martin Hanzal (Chi) for Roughing (Minor) at 2:26, Thomas Hickey (Car) for Roughing (Minor) at 3:18, Brendan Smith (Car) for Tripping (Minor) at 8:36, Robyn Regehr (Car) for Holding (Minor) at 15:07

3rd period

No Goal

Penalties :
Brendan Smith (Car) for Tripping (Minor) at 11:05, Tyler Toffoli (Chi) for Holding (Minor) at 19:48, Ed Jovanovski (Chi) for Roughing (Minor) at 19:58

Goalie Stats

Jimmy Howard (Chi), 27 saves from 30 shots - (0.900), L, 24-27-6, 60:00 minutes
Brian Elliott (Car), 31 saves from 32 shots - (0.969), W, 46-6-5, 60:00 minutes

Players Stats for Blackhawks

Player Name              G  A  P  +/- PIM S  H  SB GA TA FO     MP     PP MP  PK MP  
------------------------------------------------------------------------------------
Andrew Shaw              0  0  0   0  0   1  2  0  2  0  3/6    11:11   0:00   0:00 
Ben Holmstrom            0  0  0   0  4   0  0  0  0  0  6/13   10:45   0:00   0:00 
Brent Burns              0  0  0   1  0   1  1  1  1  1  0/0    17:47   4:25   1:17 
Brooks Laich             0  0  0   0  0   0  0  1  2  2  3/5    14:01   0:00   3:43 
Chay Genoway             0  0  0  -1  0   1  0  1  0  0  0/0    12:49   0:00   0:00 
Dustin Byfuglien         0  0  0   1  0   7  1  0  3  2  1/1    20:28   4:25   3:46 
Ed Jovanovski            0  0  0   0  6   1  0  0  0  2  0/0    20:56   3:31   1:32 
Jeff Carter              1  0  1   0  0   5  1  1  5  0  3/5    19:01   4:10   3:38 
Jordie Benn              0  0  0   0  0   1  1  4  0  2  0/0    18:44   0:00   3:36 
Justin Braun             0  0  0  -1  0   5  1  1  0  0  0/0    18:20   0:00   4:32 
Justin Fontaine          0  0  0   0  0   0  0  0  1  0  0/0    15:15   4:10   0:00 
Martin Hanzal            0  0  0   1  2   2  2  0  3  1  13/25  20:12   3:46   3:38 
Michael Del Zotto        0  0  0   0  0   0  0  0  0  0  0/0    15:04   0:00   0:00 
Mike Hoffman             0  0  0  -1  0   0  0  0  1  0  0/0     9:22   0:00   0:00 
Riley Sheahan            0  0  0  -1  0   2  0  0  2  0  2/5    14:00   3:46   0:00 
Ryan Callahan            0  0  0   0  0   3  0  0  5  0  1/1    19:45   3:46   3:44 
Torey Krug               0  0  0   0  0   3  0  1  1  1  0/0    18:27   3:31   0:00 
Tyler Toffoli            0  0  0   0  2   0  0  1  0  0  0/0    16:22   4:10   0:00 

Players Stats for Hurricanes

Player Name              G  A  P  +/- PIM S  H  SB GA TA FO     MP     PP MP  PK MP  
------------------------------------------------------------------------------------
Aaron Ness               0  0  0   0  0   1  0  3  0  3  0/0    19:10   0:00   5:46 
Adam Henrique            0  1  1   0  0   3  2  0  3  0  0/1    15:57   3:45   0:00 
Brendan Smith            0  0  0   0  4   0  0  2  0  2  0/0    20:50   3:42   0:00 
Brian Flynn              0  0  0   1  0   0  1  0  0  1  5/12   15:26   0:00   3:49 
Fedor Tyutin             1  0  1   0  0   5  1  2  0  0  0/0    20:49   3:42   0:48 
Francois Beauchemin      1  0  1   0  0   5  1  0  0  3  0/0    22:43   3:40   3:38 
Jiri Hudler              0  0  0   0  0   6  0  0  1  0  1/1    15:14   3:37   0:00 
Marian Gaborik           0  1  1   0  0   3  1  0  0  0  0/0    15:40   3:45   0:00 
Marty Havlat             1  0  1   1  0   1  0  0  1  0  0/0    11:03   0:00   0:00 
Mason Raymond            0  1  1   1  0   1  3  0  4  0  0/1    15:26   0:00   3:49 
Mike Fisher              0  1  1   0  0   0  1  2  0  1  9/17   15:14   3:37   0:00 
Mikhail Grabovski        0  0  0   0  0   0  0  0  2  1  7/15   15:40   3:45   0:00 
Radim Vrbata             0  1  1   0  0   1  0  1  4  0  0/1    15:14   3:37   0:00 
Ray Whitney              0  0  0  -1  0   1  0  0  2  0  0/0     8:06   0:00   0:00 
Robyn Regehr             0  0  0   0  2   0  5  4  0  2  0/0    17:49   0:00   4:18 
Stephen Gionta           0  0  0  -1  0   0  2  0  0  1  7/13   13:40   0:00   4:07 
Thomas Hickey            0  0  0   0  2   3  0  2  1  2  0/0    20:19   3:40   1:22 
Viktor Stalberg          0  0  0  -1  0   0  0  0  3  1  0/0    13:40   0:00   4:07 

3 Stars

1 - Brian Elliott (Car)
2 - Marty Havlat (Car)
3 - Fedor Tyutin (Car)

Power Play

Blackhawks - 0 on 4 Attempt(s) - 0.00%
Hurricanes - 2 on 8 Attempt(s) - 25.00%

Penalty Kill

Blackhawks - 6 on 8 Attempt(s) - 75.00% - Score 0 goal in Penalty Kill
Hurricanes - 4 on 4 Attempt(s) - 100.00% - Score 0 goal in Penalty Kill

Team Stat

Blackhawks - Hits : 9 - Faceoff Wins : 32 - Blocked Shots : 11 - Penalty Minutes : 14
Hurricanes - Hits : 17 - Faceoff Wins : 29 - Blocked Shots : 16 - Penalty Minutes : 8

Official

Referees : Unknown
Linesman : Unknown

Game Notes

12:54 of 1st period - Penalty Shot by Jeff Carter for Blackhawks - Goal!

Finance

Level 1 -- Attendance: 5607 (93.45%) -- Ticket Income $476,595
Level 2 -- Attendance: 4787 (95.74%) -- Ticket Income $229,776
Level 3 -- Attendance: 2000 (100.00%) -- Ticket Income $56,000
Level 4 -- Attendance: 3917 (97.93%) -- Ticket Income $50,921
Luxury Box -- Attendance: 857 (85.70%) -- Ticket Income $154,260
Game was played at the RBC Arena'
Total Attendance: 17168 (95.38%)
Total Ticket Income: $967,552
Other Income: $474,100
Total Income: $1,441,652

Blackhawks

5 vs 5 Forward 
   Center                   Left Wing                Right Wing               Time % Phy DF OF 
 1 Martin Hanzal            Dustin Byfuglien         Ryan Callahan            30     1   2  2  
 2 Riley Sheahan            Mike Hoffman             Jeff Carter              25     1   2  2  
 3 Andrew Shaw              Tyler Toffoli            Brent Burns              25     2   2  1  
 4 Ben Holmstrom            Brooks Laich             Justin Fontaine          20     2   2  1  

5 vs 5 Defense 
   Defense                  Defense                                           Time % Phy DF OF 
 1 Ed Jovanovski            Michael Del Zotto                                 30     1   2  2  
 2 Justin Braun             Chay Genoway                                      30     1   2  2  
 3 Jordie Benn              Torey Krug                                        30     1   2  2  
 4 Ed Jovanovski            Michael Del Zotto                                 10     1   2  2  

PowerPlay Forward 
   Center                   Left Wing                Right Wing               Time % Phy DF OF 
 1 Jeff Carter              Tyler Toffoli            Justin Fontaine          50     0   1  4  
 2 Martin Hanzal            Riley Sheahan            Ryan Callahan            50     0   1  4  

PowerPlay Defense
   Defense                  Defense                                           Time % Phy DF OF 
 1 Brent Burns              Dustin Byfuglien                                  50     0   2  3  
 2 Ed Jovanovski            Torey Krug                                        50     0   2  3  

Penalty Kill 4 Players Forward 
   Center                   Wing                     Time % Phy DF OF 
 1 Brooks Laich             Ryan Callahan            50     1   3  1  
 2 Martin Hanzal            Jeff Carter              50     1   3  1  

Penalty Kill 4 Players Defense
   Defense                  Defense                  Time % Phy DF OF 
 1 Ed Jovanovski            Dustin Byfuglien         50     2   3  0  
 2 Jordie Benn              Justin Braun             50     2   3  0  

Penalty Kill - 3 Players Forward 
   Forward                                           Time % Phy DF OF 
 1 Ryan Callahan                                     50     1   4  0  
 2 Brooks Laich                                      50     1   4  0  

Penalty Kill - 3 Players Defense
   Defense                  Defense                  Time % Phy DF OF 
 1 Ed Jovanovski            Dustin Byfuglien         50     1   4  0  
 2 Jordie Benn              Justin Braun             50     1   4  0  

4 vs 4 Forward 
   Center                   Wing                     Time % Phy DF OF 
 1 Jeff Carter              Tyler Toffoli            50     0   2  3  
 2 Martin Hanzal            Ryan Callahan            50     0   2  3  

4 vs 4 Defense
   Defense                  Defense                  Time % Phy DF OF 
 1 Justin Braun             Chay Genoway             50     1   2  2  
 2 Jordie Benn              Torey Krug               50     1   2  2  

Last Minutes Offensive
   Center                   Left Wing                Right Wing               Defense                  Defense                  
   Martin Hanzal            Ryan Callahan            Jeff Carter              Dustin Byfuglien         Michael Del Zotto        

Last Minutes Defensive
   Center                   Left Wing                Right Wing               Defense                  Defense                  
   Martin Hanzal            Brooks Laich             Ryan Callahan            Justin Braun             Ed Jovanovski            

Goaltenders
Starting : Jimmy Howard             
Backup : Craig Anderson           

Extra Forwards
Normal : Jeff Carter, Tyler Toffoli, Ryan Callahan - PP : Ryan Callahan, Jeff Carter - PK : Ryan Callahan
Extra Defensemen
Normal : Justin Braun, Torey Krug, Dustin Byfuglien - PP : Brent Burns - PK : Justin Braun, Dustin Byfuglien
Penalty Shots
Brooks Laich, Brent Burns, Jeff Carter, Ryan Callahan, Dustin Byfuglien

Hurricanes

5 vs 5 Forward 
   Center                   Left Wing                Right Wing               Time % Phy DF OF 
 1 Mike Fisher              Jiri Hudler              Radim Vrbata             28     0   2  3  
 2 Mikhail Grabovski        Adam Henrique            Marian Gaborik           27     0   2  3  
 3 Brian Flynn              Mason Raymond            Marty Havlat             25     0   2  3  
 4 Stephen Gionta           Viktor Stalberg          Ray Whitney              20     0   2  3  

5 vs 5 Defense 
   Defense                  Defense                                           Time % Phy DF OF 
 1 Francois Beauchemin      Thomas Hickey                                     35     0   2  3  
 2 Fedor Tyutin             Brendan Smith                                     35     0   2  3  
 3 Robyn Regehr             Aaron Ness                                        30     1   2  2  
 4 Francois Beauchemin      Thomas Hickey                                     0      0   2  3  

PowerPlay Forward 
   Center                   Left Wing                Right Wing               Time % Phy DF OF 
 1 Mike Fisher              Jiri Hudler              Radim Vrbata             50     0   1  4  
 2 Mikhail Grabovski        Adam Henrique            Marian Gaborik           50     0   1  4  

PowerPlay Defense
   Defense                  Defense                                           Time % Phy DF OF 
 1 Francois Beauchemin      Thomas Hickey                                     50     0   1  4  
 2 Fedor Tyutin             Brendan Smith                                     50     0   1  4  

Penalty Kill 4 Players Forward 
   Center                   Wing                     Time % Phy DF OF 
 1 Stephen Gionta           Viktor Stalberg          50     0   4  1  
 2 Brian Flynn              Mason Raymond            50     0   4  1  

Penalty Kill 4 Players Defense
   Defense                  Defense                  Time % Phy DF OF 
 1 Robyn Regehr             Aaron Ness               50     1   4  0  
 2 Francois Beauchemin      Thomas Hickey            50     1   4  0  

Penalty Kill - 3 Players Forward 
   Forward                                           Time % Phy DF OF 
 1 Stephen Gionta                                    50     0   5  0  
 2 Brian Flynn                                       50     0   5  0  

Penalty Kill - 3 Players Defense
   Defense                  Defense                  Time % Phy DF OF 
 1 Robyn Regehr             Aaron Ness               50     1   4  0  
 2 Francois Beauchemin      Thomas Hickey            50     1   4  0  

4 vs 4 Forward 
   Center                   Wing                     Time % Phy DF OF 
 1 Mike Fisher              Radim Vrbata             50     0   2  3  
 2 Adam Henrique            Marian Gaborik           50     0   2  3  

4 vs 4 Defense
   Defense                  Defense                  Time % Phy DF OF 
 1 Francois Beauchemin      Thomas Hickey            50     0   2  3  
 2 Fedor Tyutin             Brendan Smith            50     0   2  3  

Last Minutes Offensive
   Center                   Left Wing                Right Wing               Defense                  Defense                  
   Mike Fisher              Adam Henrique            Radim Vrbata             Francois Beauchemin      Fedor Tyutin             

Last Minutes Defensive
   Center                   Left Wing                Right Wing               Defense                  Defense                  
   Stephen Gionta           Adam Henrique            Brian Flynn              Fedor Tyutin             Francois Beauchemin      

Goaltenders
Starting : Brian Elliott            
Backup : Martin Jones             

Extra Forwards
Normal : Adam Henrique, Radim Vrbata, Marian Gaborik - PP : Marian Gaborik, Radim Vrbata - PK : Stephen Gionta
Extra Defensemen
Normal : Francois Beauchemin, Fedor Tyutin, Thomas Hickey - PP : Francois Beauchemin - PK : Francois Beauchemin, Fedor Tyutin
Penalty Shots
Radim Vrbata, Marian Gaborik, Jiri Hudler, Ray Whitney, Marty Havlat

% Time on Ice - Blackhawks

Lines # - Real PCT - Wanted PCT - Time Play
Normal Forward
1 - 28% - 30% - 12:25
2 - 25% - 25% - 11:03
3 - 25% - 25% - 11:11
4 - 22% - 20% - 10:03
Normal Defense
1 - 30% - 30% - 13:36
2 - 32% - 30% - 14:05
3 - 32% - 30% - 14:24
4 - 6% - 10% - 2:37
PP Forward
1 - 53% - 50% - 4:10
2 - 47% - 50% - 3:46
PP Defense
1 - 56% - 50% - 4:25
2 - 44% - 50% - 3:31
PK Forward
1 - 51% - 50% - 3:43
2 - 49% - 50% - 3:38
PK Defense
1 - 51% - 50% - 3:45
2 - 49% - 50% - 3:36
PK3 Forward
1 - 100% - 50% - 0:01
2 - 0% - 50% - 0:00
PK3 Defense
1 - 100% - 50% - 0:01
2 - 0% - 50% - 0:00
44 Forward
1 - 0% - 50%
2 - 0% - 50%
44 Defense
1 - 0% - 50%
2 - 0% - 50%
Last Minute Offensive  - 0:00
Last Minute Defensive  - 0:00
Total
Forward - 60:00
Defense - 60:00

% Time on Ice - Hurricanes

Lines # - Real PCT - Wanted PCT - Time Play
Normal Forward
1 - 29% - 28% - 13:04
2 - 28% - 27% - 12:29
3 - 25% - 25% - 11:03
4 - 18% - 20% - 8:06
Normal Defense
1 - 36% - 35% - 16:06
2 - 37% - 35% - 16:32
3 - 27% - 30% - 12:04
4 - 0% - 0% - 0:00
PP Forward
1 - 49% - 50% - 3:37
2 - 51% - 50% - 3:45
PP Defense
1 - 50% - 50% - 3:40
2 - 50% - 50% - 3:42
PK Forward
1 - 52% - 50% - 4:07
2 - 48% - 50% - 3:49
PK Defense
1 - 73% - 50% - 5:46
2 - 27% - 50% - 2:10
PK3 Forward
1 - 0% - 50%
2 - 0% - 50%
PK3 Defense
1 - 0% - 50%
2 - 0% - 50%
44 Forward
1 - 0% - 50%
2 - 0% - 50%
44 Defense
1 - 0% - 50%
2 - 0% - 50%
Last Minute Offensive  - 0:00
Last Minute Defensive  - 0:00
Total
Forward - 60:00
Defense - 60:00

Play by Play

1st period


0:01 of 1st period - Martin Hanzal wins face-off versus Mike Fisher in neutral zone.
0:57 of 1st period - Slapshot by Jeff Carter.
0:57 of 1st period - Stopped by Brian Elliott with a rebound.
0:59 of 1st period - Slapshot by Justin Braun.
0:59 of 1st period - Stopped by Brian Elliott with a rebound.
1:01 of 1st period - Wrist shot by Jeff Carter.
1:01 of 1st period - Shot Misses the Net.
1:03 of 1st period - Slapshot by Justin Braun.
1:03 of 1st period - Shot Blocked by Radim Vrbata.
2:47 of 1st period - Justin Fontaine is hit by Mason Raymond and loses puck.
4:04 of 1st period - Mikhail Grabovski is hit by Jeff Carter and loses puck.
4:25 of 1st period - Justin Braun is hit by Robyn Regehr and loses puck.
4:32 of 1st period - Snap shot by Marty Havlat.
4:32 of 1st period - Goal by Marty Havlat - Blackhawks : 0 - Hurricanes : 1.
4:33 of 1st period - Andrew Shaw wins face-off versus Brian Flynn in neutral zone.
4:57 of 1st period - Minor Penalty to Ed Jovanovski for Hooking.
4:58 of 1st period - Brooks Laich wins face-off versus Mike Fisher in Blackhawks zone.
5:06 of 1st period - Slapshot by Jiri Hudler.
5:06 of 1st period - Deflect By Dustin Byfuglien.
5:06 of 1st period - Stopped by Jimmy Howard without a rebound.
5:07 of 1st period - Mike Fisher wins face-off versus Martin Hanzal in Blackhawks zone.
5:19 of 1st period - Icing by Francois Beauchemin.
5:20 of 1st period - Mike Fisher wins face-off versus Brooks Laich in Hurricanes zone.
5:53 of 1st period - Snap shot by Martin Hanzal.
5:53 of 1st period - Stopped by Brian Elliott with a rebound.
6:09 of 1st period - Thomas Hickey is hit by Martin Hanzal.
6:33 of 1st period - Dustin Byfuglien is hit by Adam Henrique and loses puck.
6:57 of 1st period - Penalty to Ed Jovanovski is over, Ed Jovanovski is back on ice.
8:17 of 1st period - Michael Del Zotto is hit by Robyn Regehr and loses puck.
8:32 of 1st period - Icing by Marty Havlat.
8:33 of 1st period - Ben Holmstrom wins face-off versus Mason Raymond in Hurricanes zone.
8:38 of 1st period - Slapshot by Torey Krug.
8:38 of 1st period - Stopped by Brian Elliott with a rebound.
8:40 of 1st period - Snap shot by Justin Fontaine.
8:40 of 1st period - Shot Misses the Net.
8:42 of 1st period - Slapshot by Jordie Benn.
8:42 of 1st period - Shot Misses the Net.
8:44 of 1st period - Snap shot by Torey Krug.
8:44 of 1st period - Shot Blocked by Aaron Ness.
8:46 of 1st period - Slapshot by Brooks Laich.
8:46 of 1st period - Shot Misses the Net.
8:48 of 1st period - Snap shot by Torey Krug.
8:48 of 1st period - Stopped by Brian Elliott with a rebound.
8:50 of 1st period - Slapshot by Jordie Benn.
8:50 of 1st period - Shot Blocked by Aaron Ness.
9:49 of 1st period - Chay Genoway is hit by Robyn Regehr and loses puck.
10:02 of 1st period - Wrist shot by Marian Gaborik.
10:02 of 1st period - Stopped by Jimmy Howard without a rebound.
10:03 of 1st period - Mike Fisher wins face-off versus Riley Sheahan in Blackhawks zone.
10:06 of 1st period - Wrist shot by Radim Vrbata.
10:06 of 1st period - Stopped by Jimmy Howard without a rebound.
10:07 of 1st period - Riley Sheahan wins face-off versus Mike Fisher in Blackhawks zone.
10:50 of 1st period - Minor Penalty to Ed Jovanovski for Hooking.
10:51 of 1st period - Mikhail Grabovski wins face-off versus Martin Hanzal in Blackhawks zone.
11:43 of 1st period - Justin Braun is hit by Mike Fisher.
11:59 of 1st period - Dustin Byfuglien is hit by Fedor Tyutin and loses puck.
12:50 of 1st period - Penalty to Ed Jovanovski is over, Ed Jovanovski is back on ice.
12:54 of 1st period - Penalty Shot by Jeff Carter for Blackhawks.
12:54 of 1st period - Snap shot by Jeff Carter.
12:54 of 1st period - Goal by Jeff Carter - Blackhawks : 1 - Hurricanes : 1.
12:55 of 1st period - Stephen Gionta wins face-off versus Ben Holmstrom in neutral zone.
12:56 of 1st period - Stephen Gionta wins face-off versus Ben Holmstrom in Blackhawks zone.
13:06 of 1st period - Minor Penalty to Ben Holmstrom for Roughing.
13:07 of 1st period - Brooks Laich wins face-off versus Mikhail Grabovski in Blackhawks zone.
13:43 of 1st period - Snap shot by Adam Henrique.
13:43 of 1st period - Stopped by Jimmy Howard with a rebound.
13:45 of 1st period - Slapshot by Fedor Tyutin.
13:45 of 1st period - Goal by Fedor Tyutin - Blackhawks : 1 - Hurricanes : 2.
13:46 of 1st period - Mike Fisher wins face-off versus Andrew Shaw in neutral zone.
14:01 of 1st period - Wrist shot by Brent Burns.
14:01 of 1st period - Shot Misses the Net.
14:03 of 1st period - Backhand shot by Andrew Shaw.
14:03 of 1st period - Stopped by Brian Elliott without a rebound.
14:04 of 1st period - Mike Fisher wins face-off versus Andrew Shaw in Hurricanes zone.
14:04 of 1st period - Mike Fisher is hit by Andrew Shaw.
14:52 of 1st period - Snap shot by Ryan Callahan.
14:52 of 1st period - Shot Misses the Net.
14:56 of 1st period - Wrist shot by Dustin Byfuglien.
14:56 of 1st period - Stopped by Brian Elliott without a rebound.
14:57 of 1st period - Mikhail Grabovski wins face-off versus Ben Holmstrom in Hurricanes zone.
15:05 of 1st period - Minor Penalty to Ben Holmstrom for Hooking.
15:06 of 1st period - Martin Hanzal wins face-off versus Mikhail Grabovski in Blackhawks zone.
15:58 of 1st period - Brendan Smith is hit by Justin Braun.
16:49 of 1st period - Wrist shot by Adam Henrique.
16:49 of 1st period - Deflect By Marian Gaborik.
16:49 of 1st period - Shot Misses the Net.
16:49 of 1st period - Puck is out of play.
16:50 of 1st period - Mikhail Grabovski wins face-off versus Martin Hanzal in Blackhawks zone.
17:05 of 1st period - Penalty to Ben Holmstrom is over, Ben Holmstrom is back on ice.
17:29 of 1st period - Snap shot by Ray Whitney.
17:29 of 1st period - Stopped by Jimmy Howard with a rebound.
17:31 of 1st period - Slapshot by Francois Beauchemin.
17:31 of 1st period - Shot Blocked by Jeff Carter.
18:52 of 1st period - Slapshot by Torey Krug.
18:52 of 1st period - Stopped by Brian Elliott without a rebound.
18:53 of 1st period - Mike Fisher wins face-off versus Martin Hanzal in Hurricanes zone.
19:10 of 1st period - Snap shot by Mike Fisher.
19:10 of 1st period - Shot Blocked by Jordie Benn.
Goals for this period are 1 for Blackhawks vs 2 for Hurricanes.
Shots for this period are 8 for Blackhawks vs 7 for Hurricanes.

2nd period


0:01 of 2nd period - Martin Hanzal wins face-off versus Mikhail Grabovski in neutral zone.
0:12 of 2nd period - Wrist shot by Dustin Byfuglien.
0:12 of 2nd period - Stopped by Brian Elliott with a rebound.
0:14 of 2nd period - Snap shot by Ryan Callahan.
0:14 of 2nd period - Shot Blocked by Brendan Smith.
0:16 of 2nd period - Snap shot by Dustin Byfuglien.
0:16 of 2nd period - Stopped by Brian Elliott without a rebound.
0:17 of 2nd period - Martin Hanzal wins face-off versus Mikhail Grabovski in Hurricanes zone.
0:28 of 2nd period - Snap shot by Marian Gaborik.
0:28 of 2nd period - Stopped by Jimmy Howard with a rebound.
0:40 of 2nd period - Snap shot by Marian Gaborik.
0:40 of 2nd period - Shot Misses the Net.
1:00 of 2nd period - Slapshot by Brooks Laich.
1:00 of 2nd period - Shot Misses the Net.
1:02 of 2nd period - Slapshot by Torey Krug.
1:02 of 2nd period - Shot Blocked by Fedor Tyutin.
1:04 of 2nd period - Snap shot by Justin Braun.
1:04 of 2nd period - Stopped by Brian Elliott with a rebound.
1:06 of 2nd period - Snap shot by Chay Genoway.
1:06 of 2nd period - Shot Misses the Net.
1:08 of 2nd period - Slapshot by Justin Braun.
1:08 of 2nd period - Shot Misses the Net.
1:10 of 2nd period - Wrist shot by Justin Fontaine.
1:10 of 2nd period - Shot Blocked by Brendan Smith.
1:12 of 2nd period - Snap shot by Chay Genoway.
1:12 of 2nd period - Shot Blocked by Mike Fisher.
1:14 of 2nd period - Slapshot by Justin Braun.
1:14 of 2nd period - Shot Misses the Net.
1:16 of 2nd period - Slapshot by Justin Braun.
1:16 of 2nd period - Stopped by Brian Elliott without a rebound.
1:17 of 2nd period - Andrew Shaw wins face-off versus Stephen Gionta in Hurricanes zone.
1:18 of 2nd period - Wrist shot by Brent Burns.
1:18 of 2nd period - Stopped by Brian Elliott with a rebound.
1:20 of 2nd period - Slapshot by Chay Genoway.
1:20 of 2nd period - Shot Misses the Net.
1:22 of 2nd period - Wrist shot by Tyler Toffoli.
1:22 of 2nd period - Shot Misses the Net.
1:42 of 2nd period - Snap shot by Andrew Shaw.
1:42 of 2nd period - Shot Misses the Net.
1:48 of 2nd period - Slapshot by Brent Burns.
1:48 of 2nd period - Shot Blocked by Thomas Hickey.
1:50 of 2nd period - Slapshot by Justin Braun.
1:50 of 2nd period - Deflect By Andrew Shaw.
1:50 of 2nd period - Shot Misses the Net.
1:50 of 2nd period - Puck is out of play.
1:51 of 2nd period - Brian Flynn wins face-off versus Riley Sheahan in Hurricanes zone.
2:05 of 2nd period - Wrist shot by Jeff Carter.
2:05 of 2nd period - Shot Blocked by Robyn Regehr.
2:11 of 2nd period - Snap shot by Riley Sheahan.
2:11 of 2nd period - Shot Misses the Net.
2:13 of 2nd period - Slapshot by Ed Jovanovski.
2:13 of 2nd period - Shot Misses the Net.
2:15 of 2nd period - Slapshot by Ed Jovanovski.
2:15 of 2nd period - Stopped by Brian Elliott without a rebound.
2:16 of 2nd period - Martin Hanzal wins face-off versus Mikhail Grabovski in Hurricanes zone.
2:26 of 2nd period - Minor Penalty to Martin Hanzal for Roughing.
2:27 of 2nd period - Brooks Laich wins face-off versus Mike Fisher in Blackhawks zone.
2:40 of 2nd period - Snap shot by Radim Vrbata.
2:40 of 2nd period - Deflect By Jiri Hudler.
2:40 of 2nd period - Stopped by Jimmy Howard with a rebound.
2:42 of 2nd period - Slapshot by Thomas Hickey.
2:42 of 2nd period - Stopped by Jimmy Howard without a rebound.
2:43 of 2nd period - Mike Fisher wins face-off versus Brooks Laich in Blackhawks zone.
2:57 of 2nd period - Snap shot by Mike Fisher.
2:57 of 2nd period - Shot Misses the Net.
2:59 of 2nd period - Snap shot by Mike Fisher.
2:59 of 2nd period - Shot Misses the Net.
3:01 of 2nd period - Snap shot by Francois Beauchemin.
3:01 of 2nd period - Goal by Francois Beauchemin - Blackhawks : 1 - Hurricanes : 3.
3:02 of 2nd period - Martin Hanzal wins face-off versus Mikhail Grabovski in neutral zone.
3:18 of 2nd period - Minor Penalty to Thomas Hickey for Roughing.
3:19 of 2nd period - Jeff Carter wins face-off versus Stephen Gionta in Hurricanes zone.
3:58 of 2nd period - Icing by Brent Burns.
3:59 of 2nd period - Brian Flynn wins face-off versus Jeff Carter in Blackhawks zone.
4:37 of 2nd period - Snap shot by Mason Raymond.
4:37 of 2nd period - Stopped by Jimmy Howard with a rebound.
5:18 of 2nd period - Penalty to Thomas Hickey is over, Thomas Hickey is back on ice.
5:22 of 2nd period - Wrist shot by Stephen Gionta.
5:22 of 2nd period - Shot Misses the Net.
5:32 of 2nd period - Ed Jovanovski is hit by Stephen Gionta and loses puck.
5:47 of 2nd period - Slapshot by Marian Gaborik.
5:47 of 2nd period - Shot Misses the Net.
5:49 of 2nd period - Backhand shot by Brendan Smith.
5:49 of 2nd period - Deflect By Marian Gaborik.
5:49 of 2nd period - Shot Misses the Net.
5:49 of 2nd period - Puck is out of play.
5:50 of 2nd period - Ben Holmstrom wins face-off versus Mikhail Grabovski in Blackhawks zone.
5:55 of 2nd period - Slapshot by Justin Braun.
5:55 of 2nd period - Stopped by Brian Elliott with a rebound.
6:17 of 2nd period - Wrist shot by Mikhail Grabovski.
6:17 of 2nd period - Shot Misses the Net.
6:19 of 2nd period - Wrist shot by Adam Henrique.
6:19 of 2nd period - Shot Misses the Net.
6:21 of 2nd period - Slapshot by Adam Henrique.
6:21 of 2nd period - Stopped by Jimmy Howard without a rebound.
6:22 of 2nd period - Martin Hanzal wins face-off versus Mike Fisher in Blackhawks zone.
6:35 of 2nd period - Snap shot by Jiri Hudler.
6:35 of 2nd period - Shot Blocked by Jordie Benn.
6:37 of 2nd period - Slapshot by Francois Beauchemin.
6:37 of 2nd period - Stopped by Jimmy Howard with a rebound.
6:39 of 2nd period - Slapshot by Francois Beauchemin.
6:39 of 2nd period - Shot Misses the Net.
6:41 of 2nd period - Slapshot by Thomas Hickey.
6:41 of 2nd period - Stopped by Jimmy Howard without a rebound.
6:42 of 2nd period - Mike Fisher wins face-off versus Martin Hanzal in Blackhawks zone.
6:43 of 2nd period - Snap shot by Jiri Hudler.
6:43 of 2nd period - Stopped by Jimmy Howard with a rebound.
6:45 of 2nd period - Slapshot by Francois Beauchemin.
6:45 of 2nd period - Stopped by Jimmy Howard with a rebound.
6:47 of 2nd period - Slapshot by Thomas Hickey.
6:47 of 2nd period - Deflect By Dustin Byfuglien.
6:47 of 2nd period - Stopped by Jimmy Howard without a rebound.
6:48 of 2nd period - Riley Sheahan wins face-off versus Brian Flynn in Blackhawks zone.
7:47 of 2nd period - Martin Hanzal is hit by Adam Henrique and loses puck.
8:36 of 2nd period - Minor Penalty to Brendan Smith for Tripping.
8:37 of 2nd period - Martin Hanzal wins face-off versus Stephen Gionta in Hurricanes zone.
8:43 of 2nd period - Off-side.
8:44 of 2nd period - Martin Hanzal wins face-off versus Stephen Gionta in neutral zone.
9:05 of 2nd period - Snap shot by Brent Burns.
9:05 of 2nd period - Shot Misses the Net.
10:36 of 2nd period - Penalty to Brendan Smith is over, Brendan Smith is back on ice.
10:37 of 2nd period - Robyn Regehr is hit by Martin Hanzal and loses puck.
13:30 of 2nd period - Backhand shot by Adam Henrique.
13:30 of 2nd period - Stopped by Jimmy Howard with a rebound.
13:32 of 2nd period - Slapshot by Fedor Tyutin.
13:32 of 2nd period - Stopped by Jimmy Howard with a rebound.
13:34 of 2nd period - Slapshot by Fedor Tyutin.
13:34 of 2nd period - Stopped by Jimmy Howard without a rebound.
13:35 of 2nd period - Martin Hanzal wins face-off versus Adam Henrique in Blackhawks zone.
13:39 of 2nd period - Off-side.
13:40 of 2nd period - Jiri Hudler wins face-off versus Martin Hanzal in neutral zone.
13:58 of 2nd period - Snap shot by Martin Hanzal.
13:58 of 2nd period - Stopped by Brian Elliott without a rebound.
13:59 of 2nd period - Dustin Byfuglien wins face-off versus Radim Vrbata in Hurricanes zone.
15:00 of 2nd period - Slapshot by Fedor Tyutin.
15:00 of 2nd period - Deflect By Stephen Gionta.
15:00 of 2nd period - Deflect By Jeff Carter.
15:00 of 2nd period - Shot Misses the Net.
15:00 of 2nd period - Puck is out of play.
15:01 of 2nd period - Brian Flynn wins face-off versus Ben Holmstrom in Blackhawks zone.
15:07 of 2nd period - Minor Penalty to Robyn Regehr for Holding.
15:08 of 2nd period - Jeff Carter wins face-off versus Brian Flynn in Hurricanes zone.
15:38 of 2nd period - Snap shot by Jeff Carter.
15:38 of 2nd period - Stopped by Brian Elliott without a rebound.
15:39 of 2nd period - Martin Hanzal wins face-off versus Stephen Gionta in Hurricanes zone.
16:05 of 2nd period - Slapshot by Martin Hanzal.
16:05 of 2nd period - Shot Misses the Net.
16:07 of 2nd period - Slapshot by Riley Sheahan.
16:07 of 2nd period - Shot Blocked by Aaron Ness.
16:09 of 2nd period - Wrist shot by Dustin Byfuglien.
16:09 of 2nd period - Shot Misses the Net.
16:11 of 2nd period - Wrist shot by Ryan Callahan.
16:11 of 2nd period - Stopped by Brian Elliott without a rebound.
16:12 of 2nd period - Jeff Carter wins face-off versus Brian Flynn in Hurricanes zone.
16:13 of 2nd period - Wrist shot by Tyler Toffoli.
16:13 of 2nd period - Shot Misses the Net.
16:15 of 2nd period - Snap shot by Jeff Carter.
16:15 of 2nd period - Stopped by Brian Elliott without a rebound.
16:16 of 2nd period - Stephen Gionta wins face-off versus Jeff Carter in Hurricanes zone.
16:37 of 2nd period - Slapshot by Jeff Carter.
16:37 of 2nd period - Stopped by Brian Elliott with a rebound.
16:59 of 2nd period - Torey Krug is hit by Francois Beauchemin and loses puck.
17:07 of 2nd period - Penalty to Robyn Regehr is over, Robyn Regehr is back on ice.
17:16 of 2nd period - Wrist shot by Riley Sheahan.
17:16 of 2nd period - Shot Misses the Net.
17:32 of 2nd period - Justin Braun is hit by Mason Raymond.
17:36 of 2nd period - Martin Hanzal is hit by Robyn Regehr and loses puck.
18:05 of 2nd period - Snap shot by Adam Henrique.
18:05 of 2nd period - Shot Blocked by Tyler Toffoli.
18:07 of 2nd period - Snap shot by Adam Henrique.
18:07 of 2nd period - Shot Blocked by Justin Braun.
18:43 of 2nd period - Snap shot by Mike Fisher.
18:43 of 2nd period - Shot Misses the Net.
18:45 of 2nd period - Wrist shot by Aaron Ness.
18:45 of 2nd period - Stopped by Jimmy Howard without a rebound.
18:46 of 2nd period - Stephen Gionta wins face-off versus Ben Holmstrom in Blackhawks zone.
18:55 of 2nd period - Brooks Laich is hit by Stephen Gionta and loses puck.
19:36 of 2nd period - Wrist shot by Jeff Carter.
19:36 of 2nd period - Deflect By Mike Fisher.
19:36 of 2nd period - Shot Misses the Net.
19:36 of 2nd period - Puck is out of play.
19:37 of 2nd period - Mike Fisher wins face-off versus Riley Sheahan in Hurricanes zone.
19:44 of 2nd period - Snap shot by Riley Sheahan.
19:44 of 2nd period - Shot Blocked by Mike Fisher.
19:54 of 2nd period - Snap shot by Jiri Hudler.
19:54 of 2nd period - Stopped by Jimmy Howard with a rebound.
19:56 of 2nd period - Slapshot by Robyn Regehr.
19:56 of 2nd period - Shot Misses the Net.
Goals for this period are 0 for Blackhawks vs 1 for Hurricanes.
Shots for this period are 12 for Blackhawks vs 16 for Hurricanes.

3rd period


0:01 of 3rd period - Martin Hanzal wins face-off versus Brian Flynn in neutral zone.
0:04 of 3rd period - Mason Raymond is hit by Jordie Benn and loses puck.
0:13 of 3rd period - Slapshot by Ryan Callahan.
0:13 of 3rd period - Shot Blocked by Robyn Regehr.
0:15 of 3rd period - Backhand shot by Torey Krug.
0:15 of 3rd period - Shot Blocked by Robyn Regehr.
0:57 of 3rd period - Ed Jovanovski is hit by Mason Raymond and loses puck.
2:44 of 3rd period - Snap shot by Jiri Hudler.
2:44 of 3rd period - Shot Blocked by Chay Genoway.
3:29 of 3rd period - Snap shot by Torey Krug.
3:29 of 3rd period - Deflect By Ryan Callahan.
3:29 of 3rd period - Stopped by Brian Elliott with a rebound.
3:31 of 3rd period - Wrist shot by Ryan Callahan.
3:31 of 3rd period - Shot Misses the Net.
3:33 of 3rd period - Snap shot by Dustin Byfuglien.
3:33 of 3rd period - Shot Hit the Post.
3:35 of 3rd period - Snap shot by Dustin Byfuglien.
3:35 of 3rd period - Stopped by Brian Elliott without a rebound.
3:36 of 3rd period - Andrew Shaw wins face-off versus Brian Flynn in Hurricanes zone.
4:06 of 3rd period - Ed Jovanovski is hit by Brian Flynn and loses puck.
4:28 of 3rd period - Wrist shot by Adam Henrique.
4:28 of 3rd period - Shot Blocked by Brent Burns.
4:55 of 3rd period - Mike Fisher is hit by Andrew Shaw and loses puck.
5:08 of 3rd period - Snap shot by Dustin Byfuglien.
5:08 of 3rd period - Stopped by Brian Elliott with a rebound.
5:30 of 3rd period - Wrist shot by Dustin Byfuglien.
5:30 of 3rd period - Stopped by Brian Elliott without a rebound.
5:31 of 3rd period - Stephen Gionta wins face-off versus Ben Holmstrom in Hurricanes zone.
5:42 of 3rd period - Wrist shot by Viktor Stalberg.
5:42 of 3rd period - Shot Misses the Net.
5:44 of 3rd period - Snap shot by Ray Whitney.
5:44 of 3rd period - Shot Blocked by Torey Krug.
5:46 of 3rd period - Slapshot by Fedor Tyutin.
5:46 of 3rd period - Stopped by Jimmy Howard without a rebound.
5:47 of 3rd period - Ben Holmstrom wins face-off versus Stephen Gionta in Blackhawks zone.
5:54 of 3rd period - Slapshot by Jordie Benn.
5:54 of 3rd period - Stopped by Brian Elliott with a rebound.
6:36 of 3rd period - Wrist shot by Mason Raymond.
6:36 of 3rd period - Shot Blocked by Jordie Benn.
6:39 of 3rd period - Icing by Jordie Benn.
6:40 of 3rd period - Brian Flynn wins face-off versus Ben Holmstrom in Blackhawks zone.
7:31 of 3rd period - Aaron Ness is hit by Dustin Byfuglien and loses puck.
7:46 of 3rd period - Jeff Carter is hit by Marian Gaborik and loses puck.
9:01 of 3rd period - Wrist shot by Viktor Stalberg.
9:01 of 3rd period - Shot Misses the Net.
9:03 of 3rd period - Backhand shot by Francois Beauchemin.
9:03 of 3rd period - Stopped by Jimmy Howard with a rebound.
9:05 of 3rd period - Slapshot by Francois Beauchemin.
9:05 of 3rd period - Stopped by Jimmy Howard with a rebound.
10:18 of 3rd period - Wrist shot by Dustin Byfuglien.
10:18 of 3rd period - Shot Blocked by Thomas Hickey.
10:20 of 3rd period - Slapshot by Chay Genoway.
10:20 of 3rd period - Stopped by Brian Elliott with a rebound.
10:22 of 3rd period - Slapshot by Justin Braun.
10:22 of 3rd period - Deflect By Thomas Hickey.
10:22 of 3rd period - Stopped by Brian Elliott without a rebound.
10:23 of 3rd period - Ben Holmstrom wins face-off versus Mikhail Grabovski in Hurricanes zone.
10:40 of 3rd period - Snap shot by Adam Henrique.
10:40 of 3rd period - Shot Blocked by Brooks Laich.
11:05 of 3rd period - Minor Penalty to Brendan Smith for Tripping.
11:06 of 3rd period - Stephen Gionta wins face-off versus Martin Hanzal in Hurricanes zone.
11:16 of 3rd period - Off-side.
11:17 of 3rd period - Stephen Gionta wins face-off versus Martin Hanzal in neutral zone.
12:00 of 3rd period - Snap shot by Jeff Carter.
12:00 of 3rd period - Stopped by Brian Elliott with a rebound.
12:02 of 3rd period - Slapshot by Ed Jovanovski.
12:02 of 3rd period - Shot Blocked by Robyn Regehr.
12:04 of 3rd period - Snap shot by Ed Jovanovski.
12:04 of 3rd period - Shot Misses the Net.
12:12 of 3rd period - Jeff Carter is hit by Robyn Regehr and loses puck.
12:36 of 3rd period - Icing by Dustin Byfuglien.
12:37 of 3rd period - Martin Hanzal wins face-off versus Brian Flynn in Blackhawks zone.
13:05 of 3rd period - Penalty to Brendan Smith is over, Brendan Smith is back on ice.
13:47 of 3rd period - Slapshot by Jiri Hudler.
13:47 of 3rd period - Stopped by Jimmy Howard without a rebound.
13:48 of 3rd period - Ben Holmstrom wins face-off versus Mike Fisher in Blackhawks zone.
14:07 of 3rd period - Snap shot by Mike Fisher.
14:07 of 3rd period - Deflect By Jiri Hudler.
14:07 of 3rd period - Stopped by Jimmy Howard with a rebound.
14:09 of 3rd period - Slapshot by Aaron Ness.
14:09 of 3rd period - Shot Blocked by Jordie Benn.
14:38 of 3rd period - Snap shot by Marian Gaborik.
14:38 of 3rd period - Stopped by Jimmy Howard without a rebound.
14:39 of 3rd period - Mikhail Grabovski wins face-off versus Martin Hanzal in Blackhawks zone.
15:42 of 3rd period - Wrist shot by Mason Raymond.
15:42 of 3rd period - Shot Misses the Net.
15:44 of 3rd period - Slapshot by Fedor Tyutin.
15:44 of 3rd period - Shot Misses the Net.
15:46 of 3rd period - Slapshot by Fedor Tyutin.
15:46 of 3rd period - Stopped by Jimmy Howard with a rebound.
16:39 of 3rd period - Slapshot by Mike Hoffman.
16:39 of 3rd period - Shot Blocked by Fedor Tyutin.
17:13 of 3rd period - Icing by Robyn Regehr.
17:14 of 3rd period - Ben Holmstrom wins face-off versus Mike Fisher in Hurricanes zone.
18:09 of 3rd period - Slapshot by Riley Sheahan.
18:09 of 3rd period - Stopped by Brian Elliott with a rebound.
18:21 of 3rd period - Wrist shot by Riley Sheahan.
18:21 of 3rd period - Stopped by Brian Elliott without a rebound.
18:22 of 3rd period - Mikhail Grabovski wins face-off versus Martin Hanzal in Hurricanes zone.
18:37 of 3rd period - Snap shot by Dustin Byfuglien.
18:37 of 3rd period - Stopped by Brian Elliott without a rebound.
18:38 of 3rd period - Mikhail Grabovski wins face-off versus Martin Hanzal in Hurricanes zone.
19:07 of 3rd period - Wrist shot by Ryan Callahan.
19:07 of 3rd period - Stopped by Brian Elliott without a rebound.
19:08 of 3rd period - Brian Flynn wins face-off versus Andrew Shaw in Hurricanes zone.
19:08 of 3rd period - Brian Flynn is hit by Brent Burns.
19:48 of 3rd period - Minor Penalty to Tyler Toffoli for Holding.
19:49 of 3rd period - Mikhail Grabovski wins face-off versus Martin Hanzal in Blackhawks zone.
19:58 of 3rd period - Minor Penalty to Ed Jovanovski for Roughing.
19:59 of 3rd period - Ryan Callahan wins face-off versus Mike Fisher in Blackhawks zone.
Goals for this period are 0 for Blackhawks vs 0 for Hurricanes.
Shots for this period are 12 for Blackhawks vs 7 for Hurricanes.


Output by the SimonT Hockey Simulator (STHS) for Eric Dolegowski -- Original Page W3C XHTML 1.0 Valid
Hockey Simulator - Hockey Simulation - Hockey Manager